 Dungeon Crawl Stone Soup version 0.31-a0-233-g139696dc86 (webtiles) character file.

Game seed: 1894455911950350947

66 mistymad the Ruffian (level 3, -1/29 HPs)
             Began as a Draconian Transmuter on July 8, 2023.
             Slain by a gnoll
             ... wielding a +0 halberd
              (12 damage)
             ... on level 2 of the Dungeon.
             The game lasted 00:07:32 (1110 turns).

mistymad the Ruffian (Draconian Transmuter)         Turns: 1110, Time: 00:07:32

Health: -1/29      AC:  2    Str: 12    XL:     3   Next: 96%
Magic:  0/6        EV: 19    Int: 15    God:
Gold:   47         SH:  0    Dex: 16    Spells: 1/7 levels left

rFire   . .          .
                       - Unarmed
rCold   . . .        (shield currently unavailable)
rNeg    . . .        (body armour unavailable)
rPois   x            (helmet currently unavailable)
rElec   .            (cloak currently unavailable)
rCorr   .            (gloves currently unavailable)
SInv    .            (boots currently unavailable)
Will    .....        c - amulet of the acrobat
Stlth   +            (no ring)
HPRegen 0.24/turn    (no ring)
MPRegen 0.10/turn

%: acrobat
@: spider-form, very slightly contaminated
A: venomous fangs, AC +5, tiny, unfitting armour, (cold-blooded)
a: End Transformation


You were on level 2 of the Dungeon.
You were a venomous arachnid creature.
You visited 1 branch of the dungeon, and saw 2 of its levels.

You collected 60 gold pieces.
You spent 13 gold pieces at shops.

Inventory:

Jewellery
 c - an amulet of the acrobat (around neck)
Scrolls
 b - a scroll of noise {unknown}
 d - a scroll of amnesia {unknown}
 f - a scroll of identify {unknown}
Potions
 a - a potion of lignification {!q}
 e - a potion of attraction {unknown}


   Skills:
 + Level 2.2 Fighting
 - Level 1.7 Dodging
 + Level 3.5 Unarmed Combat
 + Level 2.6 Spellcasting
 + Level 2.7 Transmutations


You had one spell level left.
You knew the following spells:

 Your Spells              Type           Power      Damage    Failure   Level
a - Beastly Appendage     Tmut           20%        N/A       19%         1
b - Wereblood             Tmut           10%        N/A       26%         2
c - Spider Form           Tmut/Pois      6%         N/A       56%         3

Your spell library contained the following spells:

 Spells                   Type           Power      Damage    Failure   Level
 Ice Form                 Ice/Tmut       6%         N/A       89%         4


Dungeon Overview and Level Annotations

Branches:
Dungeon (2/15)

Altars:

Shops:
D:1 (   D:2 !

Annotations:
D:1 2 transporters


Innate Abilities, Weirdness & Mutations

You are a venomous arachnid creature.
You have venomous fangs.
You are tiny and dextrous.
Your spellcasting is less reliable in this form.
Your armour is entirely melded.
You are incapable of wielding weapons or throwing items.
((Your plain brown scales are hard. (AC +5)))
You cannot fit into any form of body armour.
((You are cold-blooded and may be slowed by cold attacks.))


Message History

MP restored: 6
Things that are here:
a +0 flail; a gnoll corpse A gnoll comes into view.
It is wielding a +0 flail.
The gnoll shouts!
The gnoll shouts! x2
There are monsters nearby!
What are your orders? t - Shout!
Orders for allies: a - Attack new target. r - Retreat! s - Stop attacking. g - Guard the area. f - Follow me.
Anything else - Cancel.
Okay, then.
There are monsters nearby!
There are monsters nearby!
There are monsters nearby!
Okay, then.
The spell is extremely dangerous to miscast (34% risk of failure)!
Continue anyway?
You miscast Spider Form.
You are very lightly contaminated with residual magic.
Nothing appears to happen.
The gnoll hits you from afar with a +0 halberd.
You take 6 damage, and have 23/29 hp.
MASSIVE DAMAGE!!
You now have 3/6 mp.
The spell is extremely dangerous to miscast (34% risk of failure)!
Continue anyway?
You turn into a venomous arachnid creature.
The gnoll misses you. The gnoll barely misses you. The gnoll misses you.
You now have 0/6 mp.
You hit the gnoll. The gnoll misses you.
The gnoll hits you from afar with a +0 halberd!
The gnoll barely misses you.
You take 9 damage, and have 15/29 hp.
MASSIVE DAMAGE!!
You hit the gnoll. The gnoll closely misses you.
The gnoll hits you but does no damage.
The gnoll hits you from afar with a +0 halberd.
You take 4 damage, and have 11/29 hp.
You hit the gnoll.
The gnoll is poisoned.
You kill the gnoll!
The gnoll hits you from afar with a +0 halberd!
You die...

##..#########.# #.## #.# #.#
##.## ##'## ##.#.## ###
##...## #.###.# ..#
##.†...## ##.#.## ..#
##.......## ##...#
..####........g####....#
.....'........g)s......#####
..####.........###.........#
..# ##.......## #.#.#.###.#
..# ##.....## #.###.# #.#
### ##...## #.# #.# #.#
##+## #.# #.# #.# ### #.#
#.###.###.# ..# ###.#####
#.........# #.# #.......#
#####.#####


You could see 2 gnolls.

Vanquished Creatures
  3 adders (D:2)
  2 gnolls (D:2)
  2 dart slugs (D:1)
  2 endoplasms (D:1)
  2 giant cockroaches
  2 goblins (D:1)
  4 hobgoblins
  2 jackals (D:1)
  A quokka (D:1)
  A bat (D:2)
  2 kobolds (D:1)
  3 rats
26 creatures vanquished.

Notes
Turn   | Place    | Note
-------+----------+-------------------------------------------
     0 | D:1      | mistymad the Draconian Transmuter began the quest for the
                  | Orb.
     0 | D:1      | Reached XP level 1. HP: 16/16 MP: 3/3
    96 | D:1      | Reached XP level 2. HP: 23/23 MP: 3/5
   164 | D:1      | Learned a level 2 spell: Wereblood
   317 | D:1      | Found Recw's Weapon Shoppe.
   639 | D:2      | Reached XP level 3. HP: 15/29 MP: 4/6
   729 | D:2      | Learned a level 3 spell: Spider Form
   830 | D:2      | Found Aful Leapt's Distillery.
   852 | D:2      | Bought a potion of degeneration for 13 gold pieces
  1110 | D:2      | Slain by a gnoll

Illustrated notes

Levels and vault maps discovered:
D:1:      spicycebolla_arrival_transporter_tutorial, layout_basic, serial_shops,
          shop
D:2:      layout_loops_corners, serial_shops, shop, nicolae_grassy_gnolls

Skill      XL: |  1  2  3 |
---------------+----------+-----
Fighting       | 2 |  2.2
Dodging        | |  1.7
Unarmed Combat | |  3.5
Spellcasting   | |  2.6
Transmutations | |  2.7

Action                     || total
---------------------------++-------
  Melee: Unarmed           ||    85
         Kick              ||    10
         Tailslap          ||     9
         Headbutt          ||     1
   Cast: Beastly Appendage ||     9
         Wereblood         ||     2
         Spider Form       ||     2
   Stab: Sleeping          ||     1
 Armour: Skin              ||    28
  Dodge: Dodged            ||    52

Table legend: (Time is in decaauts)
 A = Elapsed time spent in this place.
 B = Non-inter-level travel time spent in this place.
 C = Inter-level travel time spent in this place.
 D = Time resting spent in this place.
 E = Time spent auto-exploring this place.
 F = Levels seen in this place.
 G = Mean time per level.
                   A        B        C        D        E       F      G
               +--------+--------+--------+--------+--------+-----+--------+
         Total |   1108 |   1086 |     22 |     96 |    672 |   2 |  554.0 |
       Dungeon |   1108 |   1086 |     22 |     96 |    672 |   2 |  554.0 |
               +--------+--------+--------+--------+--------+-----+--------+

Top non-repeatable levels by time:
     D:1: 624 daAuts
     D:2: 483 daAuts
